 Dungeon Crawl Stone Soup version 0.19.5 (webtiles) character file.

86 Presbiter the Cudgeler (level 4, -2/45 HPs)
             Began as a Troll Berserker on Apr 15, 2017.
             Was a Believer of Trog.
             Slain by a gnoll
             ... wielding a +0 halberd
              (15 damage)
             ... on level 2 of the Dungeon.
             The game lasted 00:22:17 (1651 turns).

Presbiter the Cudgeler (Troll Berserker)            Turns: 1651, Time: 00:22:17

Health: -2/45      AC:  5    Str: 22 (25) XL:     4   Next: 26%
Magic:  3/3        EV: 10    Int:  0 (3)  God:    Trog [**....]
Gold:   90         SH:  0    Dex:  9 (10) Spells: 0 memorised, 3 levels left

rFire  . . .     SeeInvis .     d - +2 mace (pain)
rCold  . . .     Gourm    +     b - +0 animal skin
rNeg   . . .     Faith    +     (no shield)
rPois  .         Spirit   .     (helmet restricted)
rElec  .         Reflect  .     (no cloak)
rCorr  .         Harm     .     (gloves unavailable)
MR     .....                    (boots unavailable)
Stlth  +.........               u - amulet of faith
                                (no ring)
                                (no ring)

@: slowed, lost intelligence, very slow
A: unfitting armour, claws 3, fast metabolism 3, gourmand, sense surroundings 1,
regeneration 1, shaggy fur 1, tough skin 2
a: Berserk, Trog's Hand, Burn Spellbooks, Renounce Religion


You were on level 2 of the Dungeon.
You worshipped Trog.
Trog was pleased with you.
You were not hungry.

You visited 1 branch of the dungeon, and saw 2 of its levels.

You collected 90 gold pieces.

Inventory:

Hand Weapons
 a - a +0 mace
 d - a +2 mace of pain (weapon)
 e - a +0 mace
 g - a +0 club
 i - a +0 club
 j - a +0 club
 k - a +0 whip
 l - a +0 club
 m - a +1 dagger of venom
 n - a +0 club
 q - a +0 club
 r - a +0 club
 s - a +0 club
 t - a +0 club
 v - a +0 club
 x - a +0 quarterstaff
 z - a +0 whip
 A - a +0 dagger
Missiles
 h - 54 stones (quivered)
Armour
 b - a +0 animal skin (worn)
Jewellery
 u - an amulet of faith (around neck)
Scrolls
 p - a scroll of remove curse
 w - 2 scrolls of teleportation {unknown}
 y - 2 scrolls of recharging {unknown}
Comestibles
 c - 3 bread rations
 f - 4 fruits
 o - 3 meat rations


   Skills:
 + Level 3.0 Fighting
 + Level 3.7 Maces & Flails
 + Level 2.9 Dodging


You had 3 spell levels left.
You didn't know any spells.

Dungeon Overview and Level Annotations

Branches:
Dungeon (2/15)

Altars:
Kikubaaqudgha


Innate Abilities, Weirdness & Mutations

You are too large for most types of armour.
You have claws for hands.
Your metabolism is lightning-fast.
You like to eat raw meat.
Your natural rate of healing is unusually fast.
You are covered in fur. (AC +1)
You have very tough skin. (AC +2)
You passively map a small area around you.


Message History

The gnoll closely misses you. The gnoll misses you.
You closely miss the gnoll. The gnoll closely misses you.
The gnoll barely misses you. The gnoll hits you with a halberd!
You closely miss the gnoll. The gnoll barely misses you.
The gnoll hits you with a halberd! The gnoll closely misses you.
You sock the gnoll!
The gnoll is almost dead.
The gnoll barely misses you.
The gnoll hits you from afar with a spear.
The gnoll completely misses you.
The gnoll hits you from afar with a spear!
* * * LOW HITPOINT WARNING * * *
The gnoll hits you with a halberd.
* * * LOW HITPOINT WARNING * * *
The gnoll hits you from afar with a halberd.
* * * LOW HITPOINT WARNING * * *
The gnoll barely misses you.
The gnoll hits you from afar with a halberd!
You die...

* * * ############
#..........#
#..........#
#########**
#..........#
#........
##..........####@#
.'..........'....# *
##..........##g#####
#..........##.....#
, ,
#############g###.#
, * #g# ,* , #.# *
#.# ,, #.#* * *


You could see a gnoll.

Vanquished Creatures
  2 adders (D:2)
  An ooze (D:2)
  A worm (D:2)
  4 dart slugs (D:1)
  A leopard gecko (D:2)
  A ball python (D:1)
  8 hobgoblins (D:1)
  4 jackals (D:1)
  7 kobolds
  6 bats
  4 frilled lizards
  7 goblins (D:1)
  2 rats (D:1)
48 creatures vanquished.

Notes
Turn   | Place    | Note
-------+----------+-------------------------------------------
     0 | D:1      | Presbiter the Troll Berserker began the quest for the Orb.
     0 | D:1      | Reached XP level 1. HP: 22/22 MP: 0/0
   117 | D:1      | Gained mutation: You are robust. (+10% HP) [potion of mutation]
   117 | D:1      | Lost mutation: You are robust. (+10% HP) [potion of mutation]
   117 | D:1      | Gained mutation: You passively map a small area around you. [potion of mutation]
   222 | D:1      | Reached XP level 2. HP: 29/29 MP: 1/1
   618 | D:1      | Reached ** piety under Trog
   618 | D:1      | Reached XP level 3. HP: 15/36 MP: 2/2
   670 | D:1      | Lost intelligence.
  1377 | D:2      | Found an ancient bone altar of Kikubaaqudgha.
  1586 | D:2      | Reached XP level 4. HP: 42/45 MP: 3/3
  1651 | D:2      | Slain by a gnoll

Skill      XL: |  1  2  3 |
---------------+----------+-----
Maces & Flails | 3 |  3.7
Fighting       | 3 |  3.0
Dodging        | |  2.9

Action                   |  1- 3 |  4- 6 || total
-------------------------+-------+-------++-------
Melee: Mace              |   131 |    12 ||   143
Invok: Berserk           |     3 |       ||     3
       Trog's Hand       |     1 |       ||     1
  Use: Potion            |     4 |       ||     4
       Scroll            |     2 |       ||     2
  Eat: Chunk             |    21 |       ||    21
       Royal jelly       |     1 |       ||     1
Armor: Animal skin       |    65 |     4 ||    69
Dodge: Dodged            |   107 |    15 ||   122
